 Dungeon Crawl Stone Soup version 0.22-b1-59-g0aedee7 (webtiles) character file.

57 Goblin1989 the Chopper (level 3, -9/29 HPs)
             Began as a Demonspawn Chaos Knight on Aug 10, 2018.
             Engulfed by a cloud of flame (15 damage)
             ... on level 2 of the Dungeon.
             The game lasted 00:02:10 (965 turns).

Goblin1989 the Chopper (Demonspawn Chaos Knight)     Turns: 965, Time: 00:02:11

Health: -9/29      AC:  5    Str: 13    XL:     3   Next: 73%
Magic:  3/3        EV: 11    Int: 13    God:    Xom [..*...]
Gold:   68         SH:  0    Dex: 12    Spells: 2/2 levels left

rFire    . . .     SeeInvis .   a - +0 hand axe (chaos)
rCold    . . .     Gourm    .   (no shield)
rNeg     . . .     Faith    .   b - +2 leather armour
rPois    .         Spirit   .   (helmet restricted)
rElec    .         Reflect  .   (no cloak)
rCorr    .         Harm     .   (no gloves)
MR       .....                  (no boots)
Stlth    ++........             (no amulet)
HPRegen  0.09/turn              (no ring)
MPRegen  0.08/turn              (no ring)

@: no status effects
A: antennae 1, nightstalker 1
a: Renounce Religion


You were on level 2 of the Dungeon.
You worshipped Xom.
You were a toy of Xom.
You were not hungry.

You visited 1 branch of the dungeon, and saw 2 of its levels.

You collected 68 gold pieces.

Inventory:

Hand Weapons
 a - a +0 hand axe of chaos (weapon)
Missiles
 g - 47 stones (quivered) {@Q3}
 m - 38 bolts
 r - 16 arrows
Armour
 b - a +2 leather armour (worn)
Jewellery
 f - an uncursed amulet of the gourmand {unknown}
Scrolls
 h - 3 scrolls of identify {unknown}
 l - a scroll of enchant weapon {unknown}
 n - a scroll of fear {unknown}
 p - a scroll of immolation {unknown}
 q - a scroll of teleportation {unknown}
 s - a scroll of enchant armour {unknown}
Potions
 j - 2 potions of curing {unknown}
 k - a potion of haste {unknown}
 o - a potion of cancellation {unknown}
Comestibles
 e - 2 rations


   Skills:
 - Level 3.0 Fighting
 + Level 4.3 Axes
 - Level 1.7 Armour
 - Level 0.8 Dodging


You had 2 spell levels left.
You didn't know any spells.
Your spell library was empty.

Dungeon Overview and Level Annotations

Branches:
Dungeon (2/15)

Altars:
Ashenzari
Dithmenos
Makhleb
Nemelex Xobeh
Qazlal
Sif Muna
Trog
The Shining One


Innate Abilities, Weirdness & Mutations

You have a pair of small antennae on your head.
You are slightly more attuned to the shadows.


Message History

The adder is heavily wounded.
The adder bites you.
You take 1 damage, and have 25/29 hp.
You hit the adder. You burn the adder.
You kill the adder!
No target in view!
No target in view!
No target in view!
No target in view!
No target in view!
No target in view!
No target in view!
No target in view!
No target in view!
No target in view!
No target in view!
No target in view!
No target in view!
No target in view!
No target in view!
No target in view!
Some of the chunks of flesh in your inventory have rotted away.
Some of the chunks of flesh in your inventory have rotted away.
j - 2 murky cyan potions (gained 1) Health restored: 29
Found a stone staircase leading up.
All of the chunks of flesh in your inventory have rotted away.
Key pressed, stopping explore.
You open the door.
There is an open door here.
A bat comes into view.
A frilled lizard comes into view.
The frilled lizard hisses angrily.
You hear an angry hiss.
An adder comes into view.
Unknown command.
Unknown command.
The frilled lizard unfolds its giant frill.
You hit the bat.
You kill the bat!
A rat comes into view.
The frilled lizard closely misses you.
You see here a bat corpse.
You hit the frilled lizard.
You kill the frilled lizard!
You miss the adder. The adder bites you but does no damage.
The adder closely misses you.
You barely miss the adder.
Xom guffaws.
The air around you leaps into flame!
The adder is engulfed in blazing flames.
You kill the adder!
The rat twitches its whiskers.
Found two altars.
You see here a frilled lizard corpse.
You slash the rat!
You kill the rat!
Your ring of flames is guttering out.
No target in view!
No target in view!
No target in view!
No target in view!
No target in view!
No target in view!
No target in view!
No target in view!
No target in view!
No target in view!
No target in view!
No target in view!
No target in view!
No target in view!
No target in view!
No target in view!
No target in view!
No target in view!
No target in view!
No target in view!
No target in view!
Unknown command.
Unknown command.
Found a stormy altar of Qazlal.
Found a sparkling altar of Nemelex Xobeh.
A jackal comes into view.
Found a bloodstained altar of Trog.
A jackal comes into view.
The jackal barks!
A jackal comes into view.
Found a shadowy altar of Dithmenos and a burning altar of Makhleb.
Your ring of flames gutters out.
Found a shattered altar of Ashenzari.
You barely miss the jackal.
You are engulfed in blazing flames.
Ouch! That really hurt!
* * * LOW HITPOINT WARNING * * *
The jackal closely misses you. The jackal barely misses you.
You take 23 damage, and have 6/29 hp.
MASSIVE DAMAGE!!
You hit the jackal.
The jackal is severely wounded.
You are engulfed in blazing flames.
Ouch! That really hurt!
You die...

█....█ █.█ █....█
█.█ .█ █....█ █†█
[.██ █....█ █†█ ...
█....███████.███.███
..............
...███.§§█.██ .
█.█....███
█.§§@⌂...█
█..⌂.h.⌂.█
█....hh...█
█.⌂..8..⌂..
█..........
██.⌂...⌂...
█...⌂.....


You could see 3 jackals.

Vanquished Creatures
  2 adders (D:2)
  An ooze (D:1)
  6 bats
  A bat (shapeshifter) (D:1)
  4 giant cockroaches
  5 goblins (D:1)
  4 hobgoblins
  A ball python (D:1)
  4 frilled lizards
  2 kobolds (D:1)
  4 rats
34 creatures vanquished.

Notes
Turn   | Place    | Note
-------+----------+-------------------------------------------
     0 | D:1      | Goblin1989 the Demonspawn Chaos Knight began the quest for the Orb.
     0 | D:1      | Reached XP level 1. HP: 18/18 MP: 1/1
     8 | D:1      | XOM: silly message
    21 | D:1      | XOM: potion effect (brilliance)
    51 | D:1      | Reached skill level 3 in Axes
   127 | D:1      | Gained mutation: You are slightly more attuned to the shadows. [demonic ancestry]
   127 | D:1      | Reached XP level 2. HP: 24/24 MP: 2/2
   185 | D:1      | XOM: divination: magic mapping
   597 | D:1      | XOM: harmless Hex miscast
   608 | D:1      | Gained mutation: You have a pair of small antennae on your head. [demonic ancestry]
   608 | D:1      | Reached XP level 3. HP: 26/29 MP: 3/3
   843 | D:2      | Reached skill level 4 in Axes
   956 | D:2      | XOM: cast spell 'Ring of Flames'
   957 | D:2      | Found a glowing golden altar of the Shining One.
   957 | D:2      | Found a deep blue altar of Sif Muna.
   959 | D:2      | Found a stormy altar of Qazlal.
   960 | D:2      | Found a sparkling altar of Nemelex Xobeh.
   961 | D:2      | Found a bloodstained altar of Trog.
   962 | D:2      | Found a shadowy altar of Dithmenos.
   962 | D:2      | Found a burning altar of Makhleb.
   963 | D:2      | Found a shattered altar of Ashenzari.
   965 | D:2      | Engulfed by a cloud of flame

Skill      XL: |  1  2  3 |
---------------+----------+-----
Axes           | 3 4 |  4.3
Fighting       | |  3.0
Armour         | |  1.7
Dodging        | |  0.8

Action                   || total
-------------------------++-------
Melee: Hand axe          ||    97
 Stab: Sleeping          ||     4
       Confused          ||     1
Armor: Leather armour    ||    30
Dodge: Dodged            ||    60

Vault maps used:
D:1:      lemuel_arrival_rhombus
D:2:      lemuel_crystal_altar, grunt_temple_overflow_open, uniq_robin
